 Dungeon Crawl Stone Soup version 0.31.0-9-g3a7656b989 (webtiles) character file.

Game seed: 16382004908663210324

91 qw the Shooter (level 4, 0/25 HPs)
             Began as a Deep Elf Hunter on Feb 2, 2024.
             Succumbed to an adder's poison
             ... on level 3 of the Dungeon.
             The game lasted 00:00:08 (1529 turns).

qw the Shooter (Deep Elf Hunter)                    Turns: 1529, Time: 00:00:08

Health: 0/25       AC:  7    Str: 10    XL:     4   Next: 34%
Magic:  6/6        EV: 11    Int: 14    God:
Gold:   117        SH:  0    Dex: 18    Spells: 3/3 levels left

rFire   . . .        a - +1 shortbow
rCold   . . .        (shield currently unavailable)
rNeg    . . .        j - +0 ring mail
rPois   .            m - +0 helmet
rElec   .            (no cloak)
rCorr   .            f - +0 pair of gloves
SInv    .            (no boots)
Will    .....        (no amulet)
Stlth   +            (no ring)
HPRegen 0.24/turn    (no ring)
MPRegen 0.10/turn

%: no passive effects
@: lethally poisoned (0 -> -3)
A: no striking features
a: no special abilities


You were on level 3 of the Dungeon.
You visited 1 branch of the dungeon, and saw 3 of its levels.

You collected 117 gold pieces.


   Skills:
 - Level 1.5 Fighting
 + Level 7.8 Ranged Weapons
 - Level 2.4 Dodging
 - Level 1.2 Stealth


You had 3 spell levels left.
You didn't know any spells.
Your spell library was empty.

Inventory:

Hand Weapons
 a - a +1 shortbow (weapon)
Armour
 f - a +0 pair of gloves (worn)
 j - a +0 ring mail (worn)
 m - a +0 helmet (worn)
Potions
 c - a potion of attraction {unknown}
 d - a potion of enlightenment
 g - a potion of might
 k - 2 potions of curing
 l - a potion of mutation

Dungeon Overview and Level Annotations

Branches:
Dungeon (3/15)

Altars:


Message History

The adder bites you but does no damage. The adder bites you.
You shoot an arrow. The arrow barely misses the adder.
The adder bites you.
You are poisoned.
The adder poisons you!
You shoot an arrow. The arrow completely misses the adder.
You feel sick. The adder barely misses you. The adder closely misses you.
You shoot an arrow. The arrow barely misses the adder.
You feel sick. The adder barely misses you.
You shoot an arrow. The arrow misses the adder.
You feel sick.
You are no longer poisoned.
The adder bites you but does no damage. x2
You shoot an arrow. The arrow barely misses the adder.
The adder bites you.
You shoot an arrow. The arrow misses the adder.
The adder bites you but does no damage. The adder misses you.
You shoot an arrow.
The arrow hits the adder but does no damage.
The adder is moderately wounded.
The adder bites you but does no damage.
You shoot an arrow. The arrow closely misses the adder.
The adder bites you. The adder closely misses you.
You shoot an arrow. The arrow closely misses the adder.
The adder barely misses you.
You shoot an arrow.
The arrow hits the adder but does no damage.
The adder is moderately wounded.
The adder bites you.
You are lethally poisoned!
The adder poisons you! The adder barely misses you.
You shoot an arrow. The arrow misses the adder.
You feel sick. The adder closely misses you.
You shoot an arrow. The arrow barely misses the adder.
You feel sick. The adder bites you but does no damage.
The adder barely misses you.
You shoot an arrow.
The arrow hits the adder but does no damage.
The adder is moderately wounded.
You die...

........#
######.#
#......########
#.....<'.......
#......#########
###)............#
#<).............#
#############.#.#
........#@#
#########S# ...
..... .......
.........
#####.#.### #.#.#


You could see an adder.

Vanquished Creatures
  Robin (D:3)
  2 adders (D:2)
  A ribbon worm (D:2)
  A dart slug (D:1)
  5 ball pythons
  4 bats
  5 endoplasms
  2 giant cockroaches (D:1)
  12 goblins
  5 hobgoblins
  2 jackals (D:1)
  2 quokkas (D:1)
  5 kobolds
  5 rats
52 creatures vanquished.

Notes
Turn   | Place    | Note
-------+----------+-------------------------------------------
     0 | D:1      | qw the Deep Elf Hunter began the quest for the Orb.
     0 | D:1      | Reached XP level 1. HP: 12/12 MP: 3/3
     0 | D:1      | 0 ||| qw: Version: 0.3-a-155-g5e7d8dd
     0 | D:1      | 0 ||| qw: Game counter: 2699
     0 | D:1      | 0 ||| qw: Melee chars always use a shield: true
     0 | D:1      | 0 ||| qw: God list: Okawaru
     0 | D:1      | 0 ||| qw: Allow faded altars: false
     0 | D:1      | 0 ||| qw: Do Orc after clearing Dungeon:15 true
     0 | D:1      | 0 ||| qw: Do second Lair branch before Depths: true
     0 | D:1      | 0 ||| qw: Lair rune preference: random
     0 | D:1      | 0 ||| qw: Goals: Normal
     0 | D:1      | 0 ||| PLANNING D:1-11
   177 | D:1      | Reached XP level 2. HP: 16/16 MP: 4/4
   179 | D:1      | Reached skill level 6 in Ranged Weapons
   518 | D:1      | 518 ||| UPGRADING to +0 pair of gloves.
   523 | D:1      | 523 ||| UPGRADING to +0 ring mail.
   533 | D:1      | 533 ||| DROPPING +0 leather armour.
   534 | D:1      | 534 ||| UPGRADING to +0 helmet.
   539 | D:1      | 539 ||| READING 3 scrolls labelled SEUDALY ATHICW.
   539 | D:1      | 539 ||| IDENTIFYING fuming yellow potion
   540 | D:1      | 540 ||| READING 2 scrolls of identify.
   540 | D:1      | 540 ||| IDENTIFYING black potion
   541 | D:1      | 541 ||| READING scroll of identify.
   541 | D:1      | 541 ||| IDENTIFYING 2 fizzy silvery potions
   542 | D:1      | 542 ||| READING 2 scrolls labelled OZILLA OL LAI.
   543 | D:1      | 543 ||| READING scroll labelled TESTEN COTY.
   543 | D:1      | 543 ||| ENCHANTING +0 shortbow.
   544 | D:1      | 544 ||| DRINKING 3 fizzy golden potions.
   545 | D:1      | 545 ||| DROPPING scroll of butterflies.
   546 | D:1      | 546 ||| DROPPING scroll of fear.
   547 | D:1      | 547 ||| DROPPING 2 potions of ambrosia.
   593 | D:2      | Reached XP level 3. HP: 20/20 MP: 5/5
   729 | D:2      | Found a faded altar of an unknown god.
   774 | D:2      | Reached skill level 7 in Ranged Weapons
  1058 | D:2      | Identified the +7 short sword of Dismay {antimagic,
                  | ^Fragile rElec Int+2}
  1279 | D:2      | 1279 ||| DROPPING +6 ring of intelligence.
  1280 | D:2      | 1280 ||| READING 2 scrolls labelled BOPEMYPEPA.
  1281 | D:2      | 1281 ||| DRINKING 2 metallic clear potions.
  1282 | D:2      | 1282 ||| DROPPING scroll of noise.
  1288 | D:3      | Noticed Robin
  1289 | D:3      | 1289 ||| STAIRDANCE
  1294 | D:3      | 1294 ||| STAIRDANCE
  1300 | D:3      | 1300 ||| STAIRDANCE
  1333 | D:3      | 1333 ||| STAIRDANCE
  1338 | D:3      | 1338 ||| STAIRDANCE
  1343 | D:2      | Reached XP level 4. HP: 25/25 MP: 6/6
  1345 | D:3      | 1345 ||| STAIRDANCE
  1362 | D:3      | 1362 ||| STAIRDANCE
  1373 | D:3      | 1373 ||| STAIRDANCE
  1388 | D:3      | 1388 ||| STAIRDANCE
  1396 | D:3      | 1396 ||| STAIRDANCE
  1410 | D:3      | 1410 ||| STAIRDANCE
  1460 | D:3      | 1460 ||| STAIRDANCE
  1478 | D:3      | Killed Robin
  1521 | D:3      | HP: 5/25 [adder (2)]
  1526 | D:3      | HP: 5/25 [adder (1)]
  1528 | D:3      | HP: 1/25 [poisoned by an adder]
  1529 | D:3      | Succumbed to an adder's poison

Levels and vault maps discovered:
D:1:      tarquinn_simple_flora_water_d, layout_basic, kennysheep_pointless_box
D:2:      layout_loops_cross, shapermc_ecumenical_altar_mp_urbaneastern
D:3:      minmay_wonky_spiral, layout_basic, lightli_temple_of_fire,
          grunt_temple_overflow_open, uniq_robin, uniq_sigmund, uniq_terence

Skill      XL: |  1  2  3 |
---------------+----------+-----
Ranged Weapons | 6 7 |  7.8
Fighting       | |  1.5
Dodging        | |  2.4
Stealth        | |  1.2

Action                     |  1- 3 |  4- 6 || total
---------------------------+-------+-------++-------
   Fire: Shortbow          |   125 |    66 ||   191
    Use: Scroll            |     6 |       ||     6
         Potion            |     2 |       ||     2
 Armour: Leather armour    |     8 |       ||     8
         Ring mail         |    34 |    51 ||    85
  Dodge: Dodged            |    57 |    38 ||    95

Table legend:
 A = Non-vault XP
 B = Vault XP
 C = Vault XP percentage of total XP
 D = Non-vault monster count
 E = Vault monster count
 F = Vault count percentage of total count
                 A         B        C        D         E       F
            +---------+---------+-------+---------+---------+-------
      Total |      94 |      37 |  28.2 |      40 |      12 |  23.1
            +---------+---------+-------+---------+---------+-------
        D:1 |      38 |       0 |   0.0 |      21 |       0 |   0.0
        D:2 |      54 |      20 |  27.0 |      18 |      10 |  35.7
        D:3 |       2 |      17 |  89.5 |       1 |       2 |  66.7
            +---------+---------+-------+---------+---------+-------
